Map: Orbital Shipyard

Players

LindyHop - Winner!

  • Race: Zerg Zerg
  • League: Platinum

A.I. 1 (Harder)

  • Race: Protoss Protoss

VOD

Have the link to the VOD?

Description

Time

  • Played on: Dec. 11, 2015, 11:38 p.m.
  • Length: 11:31
Show
View Real Time Build Order
Export as new Build Order

LindyHop Zerg - Winner!

Build Orders: Hatch First 

Get SALT Encoding   

  12  0:01  Drone  
  13  0:12  Overlord  
  13  0:17  Drone  
  14  0:30  Drone x2  
  14  0:34  Drone  
  17  0:45  Drone  
  18  0:59  Drone  
  18  1:02  Hatchery, Extractor  
  17  1:17  Spawning Pool  
  17  1:18  Drone  
  17  1:21  Drone  
  18  1:27  Drone  
  19  1:40  Overlord  
  19  1:50  Drone  
  20  2:00  Drone  
  21  2:03  Metabolic Boost  
  21  2:07  Queen  
  23  2:16  Queen  
  23  2:17  Drone x2  
  27  2:24  Overlord  
  27  2:27  Zergling x2  
  28  2:36  Zergling x4  
  30  2:43  Drone  
  31  2:56  Drone x2  
  31  2:57  Drone  
  34  3:06  Drone, Queen  
  34  3:07  Queen  
  34  3:09  Drone  
  40  3:17  Drone x3  
  40  3:19  Drone  
  44  3:28  Overlord x3  
  44  3:32  Extractor  
  43  3:36  Roach Warren  
  43  3:37  Drone x2  
  44  3:45  Overlord x2  
  43  4:04  Hatchery  
  43  4:09  Drone x3  
  46  4:10  Drone  
  46  4:11  Drone x3  
  46  4:16  Lair  
  49  4:23  Drone x2  
  51  4:25  Extractor  
  51  4:29  Drone  
  51  4:30  Drone  
  52  4:32  Drone  
  52  4:34  Zergling x2  
  52  4:35  Zergling x2  
  52  4:36  Zergling x6  
  58  4:41  Zergling x2  
  58  4:42  Zergling x2  
  60  4:50  Zergling x4  
  61  5:01  Zergling x4  
  61  5:08  Zergling x6  
  61  5:13  Zergling x2  
  59  5:16  Zergling x2  
  59  5:18  Zergling x4  
  59  5:20  Zergling x2  
  59  5:25  Roach  
  61  5:29  Roach  
  63  5:36  Roach  
  63  5:37  Spire, Roach  
  63  5:42  Burrow  
  66  5:49  Roach x4  
  74  5:56  Roach x2  
  76  5:59  Queen  
  76  6:01  Overlord x3  
  71  6:16  Zergling x6  
  74  6:28  Hatchery, Queen  
  74  6:31  Extractor  
  72  6:33  Drone x5  
  77  6:45  Glial Reconstitution  
  77  6:47  Hatchery  
  76  7:11  Evolution Chamber x2  
  76  7:12  Mutalisk x5  
  76  7:13  Zergling x4  
  76  7:14  Zergling x8  
  90  7:31  Mutalisk  
  90  7:32  Zergling x4  
  94  7:42  Drone x8  
  94  7:43  Overlord  
  102  7:53  Hatchery  
  102  7:58  Mutalisk x3  
  101  8:04  Mutalisk  
  109  8:06  Overlord x3  
  109  8:11  Drone  
  110  8:13  Extractor  
  110  8:14  Drone x3  
  110  8:15  Extractor  
  110  8:16  Drone x2  
  113  8:26  Drone  
  113  8:27  Drone x3, Mutalisk x2  
  121  8:36  Zerg Flyer Weapons Level 1  
  121  8:40  Extractor  
  115  8:41  Zergling x2  
  115  8:42  Zergling x6  
  115  8:44  Extractor  
  115  8:47  Zergling x12  
  115  8:48  Zergling x2  
  115  8:49  Mutalisk  
  117  8:55  Mutalisk  
  117  8:57  Zergling x2  
  117  8:58  Zergling x2  
  121  9:06  Roach x4  
  129  9:15  Roach x3  
  135  9:20  Roach  
  135  9:21  Roach x2  
  136  9:25  Roach x2  
  136  9:26  Zergling x6  
  136  9:28  Zergling x2  
  139  9:35  Drone  
  139  9:39  Mutalisk  
  139  9:44  Mutalisk  
  143  9:46  Roach x2  
  147  9:53  Zergling x4  
  147  9:54  Zergling x2  
  147  9:55  Hydralisk Den  
  147  9:56  Zergling x2  
  150  10:00  Mutalisk  
  150  10:01  Zergling x4  
  151  10:07  Zergling x2  
  151  10:10  Zergling x2  
  152  10:15  Zergling x2  
  152  10:16  Zergling x10  
  152  10:17  Overlord  
  152  10:18  Overlord x5  
  158  10:33  Zergling x2  
  158  10:37  Mutalisk x7  
  172  10:47  Infestation Pit  
  171  10:55  Mutalisk  
  171  11:00  Zergling x6  
  171  11:03  Drone x4  
  172  11:15  Drone x3  
Show
View Real Time Build Order
Export as new Build Order

A.I. 1 (Harder) Protoss 

Build Orders:  

Get SALT Encoding   

  12  0:01  Probe (Chrono Boost)  
  13  0:11  Probe (Chrono Boost)  
  14  0:20  Pylon  
  14  0:22  Probe (Chrono Boost)  
  15  0:38  Probe (Chrono Boost)  
  16  0:47  Assimilator  
  16  0:49  Probe (Chrono Boost), Gateway  
  17  0:59  Probe (Chrono Boost)  
  17  1:01  Pylon  
  18  1:10  Probe (Chrono Boost)  
  19  1:21  Probe (Chrono Boost)  
  20  1:35  Zealot  
  22  1:40  Cybernetics Core  
  22  1:42  Gateway  
  22  1:46  Assimilator  
  22  2:03  Pylon  
  22  2:04  Zealot  
  24  2:12  Warp Gate  
  24  2:29  Stalker  
  24  2:30  Stalker  
  28  2:47  Pylon  
  28  2:57  Stalker  
  28  2:58  Stalker  
  28  3:05  Probe (Chrono Boost)  
  33  3:17  Probe (Chrono Boost)  
  34  3:20  Pylon  
  34  3:26  Adept  
  34  3:28  Probe (Chrono Boost), Zealot  
  39  3:35  Forge  
  39  3:40  Probe (Chrono Boost)  
  40  3:51  Stalker, Probe (Chrono Boost)  
  44  4:03  Probe (Chrono Boost)  
  44  4:19  Protoss Ground Weapons Level 1  
  44  4:25  Adept  
  44  4:29  Gateway  
  46  4:32  Adept, Pylon  
  48  4:45  Adept  
  50  4:52  Sentry  
  52  4:58  Nexus, Pylon  
  52  5:04  Adept  
  54  5:14  Adept  
  56  5:23  Adept  
  58  5:30  Sentry  
  58  5:32  Robotics Facility  
  60  5:37  Adept  
  62  5:51  Pylon  
  62  6:00  Photon Cannon  
  62  6:03  Zealot  
  46  6:06  Protoss Ground Armor Level 1  
  46  6:10  Stalker  
  48  6:14  Probe (Chrono Boost)  
  48  6:18  Observer  
  50  6:20  Probe (Chrono Boost)  
  52  6:26  Probe (Chrono Boost)  
  52  6:31  Stalker, Probe (Chrono Boost)  
  55  6:37  Probe (Chrono Boost)  
  55  6:39  Observer  
  57  6:41  Zealot  
  57  6:42  Probe (Chrono Boost)  
  60  6:49  Probe (Chrono Boost)  
  60  6:52  Adept  
  63  6:54  Probe (Chrono Boost)  
  63  7:00  Stalker, Probe (Chrono Boost)  
  66  7:06  Probe (Chrono Boost)  
  66  7:07  Stalker  
  69  7:12  Probe (Chrono Boost)  
  70  7:17  Probe (Chrono Boost)  
  70  7:19  Photon Cannon  
  72  7:24  Probe (Chrono Boost), Pylon  
  72  7:28  Probe (Chrono Boost)  
  73  7:30  Pylon  
  73  7:35  Probe (Chrono Boost)  
  74  7:37  Stargate  
  74  7:39  Probe (Chrono Boost)  
  75  7:46  Probe (Chrono Boost)  
  75  7:48  Twilight Council  
  75  7:50  Probe (Chrono Boost)  
  77  7:51  Photon Cannon  
  77  7:56  Photon Cannon  
  77  8:04  Forge  
  77  8:22  Assimilator  
  77  8:26  Warp Prism  
  77  8:30  Gateway  
  79  8:36  Nexus  
  77  8:59  Assimilator  
  77  9:00  Warp Prism  
  79  9:11  Oracle  
  82  9:24  Zealot  
  58  9:32  Zealot  
  58  9:34  Warp Prism  
  58  9:40  Sentry  
  60  9:48  Stalker  
  62  9:54  Probe (Chrono Boost)  
  62  9:56  Stalker  
  62  9:57  Probe (Chrono Boost)  
  62  9:58  Assimilator  
  67  10:00  Probe (Chrono Boost)  
  67  10:05  Probe (Chrono Boost)  
  61  10:08  Observer  
Tags
 
Add a new tag
Caveats
  • Supply blocks, unpowered buildings, or Contaminate may cause inaccurate times.
  • Supply counts are checked every 10 seconds.